AoeStats
← Boris

Arabia

508582662Analyzed
1v1 RM · 9d ago on Sep 23, 2026· 47m 29s· 2 players
Game mode
Random Map
Map size
Tiny (2 player)
Population
200
Speed
Normal
Resources
Standard
Victory
Conquest
Starting age
Dark Age
Ending age
Imperial Age
RankedLock teamsTeams togetherTeam positionsShared explorationLock speedFull tech treeHidden civsTurbo modeCheats
Victory
Defeat
🇲🇽 Spanish · Mexico
1495
+16
🇸🇻 Sicilians · El Salvador
1488
-16
Boris
7:26 Loom
10:10 Feudal Age
10:14 Man-at-Arms
11:03 Loom
17:49 Fletching
21:02 Castle Age
21:26 Forging
21:14 Horse Collar
21:21 Double-Bit Axe
22:23 Scale Barding Armor
23:01 Iron Casting
22:46 Elite Skirmisher
23:28 Padded Archer Armor
24:52 Bodkin Arrow
26:24 Leather Archer Armor
28:53 Bow Saw
36:07 Ballistics
37:47 Squires
37:23 Pikeman
38:36 Scale Mail Armor
42:15 Imperial Age
40:22 Wheelbarrow
40:08 Gambesons
42:22 Hand Cart
44:09 Blast Furnace
43:27 Chain Mail Armor
45:20 First Crusade
46:08 Conscription
47:15 Halberdier
__Mafia
4:28 Loom
12:36 Feudal Age
18:53 Castle Age
17:38 Double-Bit Axe
19:05 Horse Collar
20:57 Husbandry
25:36 Town Watch
27:05 Padded Archer Armor
29:00 Wheelbarrow
30:46 Stone Mining
31:41 Town Patrol
32:45 Scale Barding Armor
32:56 Bloodlines
37:04 Imperial Age
35:54 Forging
36:05 Chain Barding Armor
36:01 Leather Archer Armor
36:38 Masonry
38:03 Iron Casting
38:00 Fletching
37:41 Cavalier
39:13 Bow Saw
39:46 Conscription
39:41 Murder Holes
40:17 Light Cavalry
42:15 Chemistry
41:17 Bodkin Arrow
42:39 Heavy Plow
43:53 Plate Barding Armor
46:17 Blast Furnace
45:36 Hand Cart
45:38 Hussar
48:26 Ballistics
Connection lost

Rejoining the realm…

Still unreachable

The connection could not be restored.

Session expired

The server has moved on; the page needs a fresh start.